 Dungeon Crawl Stone Soup version 0.22-a0-274-gf8199ec (webtiles) character file.

448 tidbits the Insei (level 7, 52/52 HPs)
             Began as a Gnoll Transmuter on Mar 13, 2018.
             Quit the game on level 4 of the Dungeon.
             The game lasted 00:11:16 (1416 turns).

tidbits the Insei (Gnoll Transmuter)                Turns: 1416, Time: 00:11:17

Health: 52/52      AC:  2    Str: 16    XL:     7   Next: 4%
Magic:  15/15      EV: 14    Int: 17    God:
Gold:   385        SH:  0    Dex: 11    Spells: 10/16 levels left

rFire    . . .     SeeInvis .   D - +3 quarterstaff "Hefrergh" {flame, MR+ Str+4 Dex-5}
rCold    . . .     Gourm    .   (shield currently unavailable)
rNeg     . . .     Faith    .   b - +0 robe
rPois    .         Spirit   .   (no helmet)
rElec    .         Reflect  .   (no cloak)
rCorr    .         Harm     .   (no gloves)
MR       +....                  (no boots)
Stlth    ++........             (no amulet)
HPRegen  0.17/turn              (no ring)
MPRegen  0.14/turn              (no ring)

@: no status effects
A: distributed training, fangs 1, strong nose
a: no special abilities


You were on level 4 of the Dungeon.
You were hungry.

You visited 2 branches of the dungeon, and saw 6 of its levels.
You also visited: Ossuary.

You collected 385 gold pieces.

Inventory:

Hand Weapons
 a - a +0 dagger
 e - a +0 short sword
 l - a +0 hunting sling
 t - a -3 dagger
 B - a +1 scythe of protection
   (You took it off Sigmund on level 4 of the Dungeon)
 D - the +3 quarterstaff "Hefrergh" (weapon) {flame, MR+ Str+4 Dex-5}
   (You found it on level 4 of the Dungeon)

   It has been specially enchanted to burn those struck by it, causing extra
   injury to most foes and up to half again as much damage against particularly
   susceptible opponents.
   It affects your strength (+4).
   It affects your dexterity (-5).
   It affects your resistance to hostile enchantments.
Missiles
 c - 5 tomahawks
 f - 54 stones (quivered)
 k - 61 arrows
 o - 51 sling bullets
 y - 5 silver tomahawks
Armour
 b - a +0 robe (worn)
 h - a +0 ring mail
Scrolls
 n - 2 scrolls of immolation
 q - 3 scrolls of enchant armour
 s - a scroll of teleportation
 u - a scroll of blinking {unknown}
 v - a scroll of noise
 z - 3 scrolls of fog {unknown}
Potions
 g - a potion of heal wounds {unknown}
 i - 2 potions of invisibility {unknown}
 j - a potion of lignification {unknown}
 m - a potion of degeneration {unknown}
 p - 3 potions of curing
 r - 2 potions of brilliance
 w - 2 potions of flight {unknown}
 x - a potion of haste {unknown}
 A - a potion of might {unknown}
 C - a potion of magic {unknown}
Comestibles
 d - 4 rations


   Skills:
 + Level 3.4 Fighting
 + Level 2.2 Short Blades
 + Level 2.2 Long Blades
 + Level 2.2 Axes
 + Level 2.2 Maces & Flails
 + Level 2.2 Polearms
 + Level 2.2 Staves
 + Level 2.2 Slings
 + Level 2.2 Bows
 + Level 2.2 Crossbows
 + Level 2.2 Throwing
 + Level 2.2 Armour
 + Level 5.1 Dodging
 + Level 2.2 Stealth
 + Level 2.2 Shields
 + Level 6.9 Unarmed Combat
 + Level 5.4 Spellcasting
 + Level 1.7 Conjurations
 + Level 1.7 Hexes
 + Level 1.7 Charms
 + Level 1.7 Summonings
 + Level 1.7 Necromancy
 + Level 1.7 Translocations
 + Level 4.2 Transmutations
 + Level 1.7 Fire Magic
 + Level 1.7 Ice Magic
 + Level 1.7 Air Magic
 + Level 1.7 Earth Magic
 + Level 1.7 Poison Magic
 + Level 2.4 Invocations
 + Level 2.2 Evocations


You had 10 spell levels left.
You knew the following spells:

 Your Spells              Type           Power        Failure   Level  Hunger
e - Beastly Appendage     Tmut           ###...       2%          1    None
k - Sticks to Snakes      Tmut           ###.....     3%          2    #......
p - Spider Form           Tmut/Pois      ##........   12%         3    ##.....


Dungeon Overview and Level Annotations

Branches:
Dungeon (5/15)             Temple (1/1) D:4

Altars:
Ashenzari
Dithmenos
Elyvilon
Fedhas
Gozag
Kikubaaqudgha
Makhleb
Nemelex Xobeh
Qazlal
Uskayaw
The Shining One
Lugonu


Innate Abilities, Weirdness & Mutations

Your experience applies equally to all skills.
You have very sharp teeth.
Your uncanny sense of smell can sniff out nearby items.


Message History

Confirm with . or Enter, or press ? or * to list all spells.
You turn into a venomous arachnid creature.
Your +0 hunting sling melds into your body.
Your +0 robe melds into your body.
Sigmund gestures at you while chanting. The magic dart hits you!
You swap places.
Sigmund closely misses you.
You barely miss Sigmund.
Your ball python barely misses Sigmund. x2
You hit Sigmund.
Sigmund is poisoned.
Sigmund is lightly wounded.
Your ball python bites Sigmund but does no damage.
Your ball python barely misses Sigmund.
Sigmund points at you and mumbles some strange words.
You resist with some effort.
You bite Sigmund!
Sigmund looks as sick as possible!
Sigmund is moderately wounded.
Your ball python barely misses Sigmund.
Your ball python grabs Sigmund.
Your ball python constricts Sigmund.
Sigmund casts a spell.
Sigmund flickers and vanishes!
You hit something.
Your ball python constricts something.
Something closely misses you.
Your ball python constricts something.
You barely miss something.
Your ball python constricts something.
You hit something but do no damage.
Your Short Blades skill increases to level 2!
Your Long Blades skill increases to level 2!
Your Axes skill increases to level 2!
Your Maces & Flails skill increases to level 2!
Your Polearms skill increases to level 2!
Your Staves skill increases to level 2!
Your Slings skill increases to level 2!
Your Bows skill increases to level 2!
Your Crossbows skill increases to level 2!
Your Throwing skill increases to level 2!
Your Armour skill increases to level 2!
Your Dodging skill increases to level 5!
Your Stealth skill increases to level 2!
Your Shields skill increases to level 2!
Your Evocations skill increases to level 2!
You feel a bit more experienced.
Things that are here:
a scythe of protection; a robe; a yellow potion
B - a scythe of protection;
C - a yellow potion Your transformation is almost over.
You swap places.
You see here a robe.
You swap places.
Found 7 stones.
A worker ant comes into view.
Your transformation has ended.
Your +0 hunting sling unmelds from your body.
Your +0 robe unmelds from your body.
Casting: Spider Form (safe; 12% risk of failure)
Confirm with . or Enter, or press ? or * to list all spells.
You turn into a venomous arachnid creature.
Your +0 hunting sling melds into your body.
Your +0 robe melds into your body.
The worker ant twitches its antennae in your direction.
Your ball python withers and dies!
The worker ant bites you.
You are poisoned.
The worker ant poisons you! The worker ant completely misses you.
You barely miss the worker ant.
You feel sick. The worker ant closely misses you.
You hit the worker ant but do no damage.
You feel sick. The worker ant misses you.
You hit the worker ant.
The worker ant is poisoned.
The worker ant is moderately wounded.
You feel sick. The worker ant misses you.
You bite the worker ant!
The worker ant looks as sick as possible!
The worker ant is almost dead.
You feel sick. The worker ant closely misses you.
You hit the worker ant but do no damage.
The worker ant is almost dead.
You feel sick.
You kill the worker ant!
You have reached level 7!
You feel sick.
You see here a worker ant corpse.
It was a potion of curing.
You feel better.
Your transformation is almost over.
There is an open door here.
HP restored.
Your transformation has ended.
Your +0 hunting sling unmelds from your body.
Your +0 robe unmelds from your body.
Found a leather armour and 18 sling bullets.
Found a slimy quarterstaff.
You see here a leather armour.
You see here 18 sling bullets.
o - 51 sling bullets (gained 18)
You see here a slimy quarterstaff.
D - a slimy quarterstaff Wield which item (- for none, * to show all)? (? for menu, Esc to quit)
You feel stronger.
You feel clumsy.
The +3 quarterstaff "Hefrergh" {flame, MR+ Str+4 Dex-5} bursts into flame!
D - the +3 quarterstaff "Hefrergh" (weapon)
{flame, MR+ Str+4 Dex-5} You see here a leather armour.
Are you sure you want to abandon this character and quit the game? (Confirm with "yes".)

..# .# #.# #######
#.# #.# ....... #.#
#.# (...# #.# #.#
....# #.# #.# ....#
#.# #.# ..†.#####.#
#.#
..........#######.##
###.####........@..#
...# #.###########
########.#
.......#.#
######.#.# #.#.#
#.#.# #.#.# #.#.#


There were no monsters in sight!

Vanquished Creatures
  Sigmund (D:4)
  An orc wizard (D:4)
  A bullfrog skeleton (D:4)
  2 worker ants (D:4)
  8 mummies (Ossuary)
  4 adders
  An ooze (D:2)
  3 dart slugs
  2 leopard geckos
  5 orcs
  4 goblins (D:2)
  5 hobgoblins
  3 kobolds (D:1)
  5 bats
  3 frilled lizards
  A hobgoblin zombie (Ossuary)
  3 kobold zombies (Ossuary)
  4 orc zombies (Ossuary)
  5 rats
61 creatures vanquished.

Notes
Turn   | Place    | Note
-------+----------+-------------------------------------------
     0 | D:1      | tidbits the Gnoll Transmuter began the quest for the Orb.
     0 | D:1      | Reached XP level 1. HP: 17/17 MP: 6/6
   122 | D:1      | Reached XP level 2. HP: 21/23 MP: 7/7
   126 | D:1      | Learned a level 2 spell: Sticks to Snakes
   300 | D:2      | Reached skill level 5 in Spellcasting
   300 | D:2      | Reached XP level 3. HP: 16/28 MP: 6/9
   305 | D:2      | Learned a level 3 spell: Spider Form
   316 | D:2      | Reached skill level 1 in Invocations
   364 | D:1      | Reached skill level 1 in Short Blades
   364 | D:1      | Reached skill level 1 in Long Blades
   364 | D:1      | Reached skill level 1 in Axes
   364 | D:1      | Reached skill level 1 in Maces & Flails
   364 | D:1      | Reached skill level 1 in Polearms
   364 | D:1      | Reached skill level 1 in Staves
   364 | D:1      | Reached skill level 1 in Slings
   364 | D:1      | Reached skill level 1 in Bows
   364 | D:1      | Reached skill level 1 in Crossbows
   364 | D:1      | Reached skill level 1 in Throwing
   364 | D:1      | Reached skill level 1 in Armour
   364 | D:1      | Reached skill level 1 in Stealth
   364 | D:1      | Reached skill level 1 in Shields
   364 | D:1      | Reached skill level 1 in Evocations
   496 | D:2      | Found a hide-covered altar of Uskayaw.
   502 | D:2      | Found a white marble altar of Elyvilon.
   542 | D:2      | Reached XP level 4. HP: 33/34 MP: 6/11
   696 | D:5      | Entered Level 5 of the Dungeon
   743 | D:4      | Found a sand-covered staircase.
   757 | Ossuary  | Entered an ossuary
   816 | Ossuary  | Reached skill level 1 in Conjurations
   816 | Ossuary  | Reached skill level 1 in Hexes
   816 | Ossuary  | Reached skill level 1 in Charms
   816 | Ossuary  | Reached skill level 1 in Summonings
   816 | Ossuary  | Reached skill level 1 in Necromancy
   816 | Ossuary  | Reached skill level 1 in Translocations
   816 | Ossuary  | Reached skill level 1 in Fire Magic
   816 | Ossuary  | Reached skill level 1 in Ice Magic
   816 | Ossuary  | Reached skill level 1 in Air Magic
   816 | Ossuary  | Reached skill level 1 in Earth Magic
   816 | Ossuary  | Reached skill level 1 in Poison Magic
   829 | Ossuary  | Reached XP level 5. HP: 40/40 MP: 2/12
   930 | Ossuary  | Reached skill level 3 in Fighting
  1030 | D:4      | Reached skill level 4 in Transmutations
  1064 | D:3      | Reached XP level 6. HP: 47/47 MP: 10/13
  1099 | D:4      | Reached skill level 2 in Invocations
  1104 | D:4      | Found a staircase to the Ecumenical Temple.
  1111 | Temple   | Entered the Ecumenical Temple
  1288 | D:4      | Noticed Sigmund
  1302 | D:4      | Killed Sigmund
  1302 | D:4      | Reached skill level 2 in Short Blades
  1302 | D:4      | Reached skill level 2 in Long Blades
  1302 | D:4      | Reached skill level 2 in Axes
  1302 | D:4      | Reached skill level 2 in Maces & Flails
  1302 | D:4      | Reached skill level 2 in Polearms
  1302 | D:4      | Reached skill level 2 in Staves
  1302 | D:4      | Reached skill level 2 in Slings
  1302 | D:4      | Reached skill level 2 in Bows
  1302 | D:4      | Reached skill level 2 in Crossbows
  1302 | D:4      | Reached skill level 2 in Throwing
  1302 | D:4      | Reached skill level 2 in Armour
  1302 | D:4      | Reached skill level 5 in Dodging
  1302 | D:4      | Reached skill level 2 in Stealth
  1302 | D:4      | Reached skill level 2 in Shields
  1302 | D:4      | Reached skill level 2 in Evocations
  1322 | D:4      | Reached XP level 7. HP: 39/52 MP: 8/15
  1373 | D:4      | Got a slimy quarterstaff
  1374 | D:4      | Identified the +3 quarterstaff "Hefrergh" {flame, MR+ Str+4 Dex-5} (You found it on level 4 of the Dungeon)
  1416 | D:4      | Quit the game

Vault maps used:
D:1:      tarquinn_simple_flora_water_a
D:2:      amethyst_overflow_temple_binary, first_ration
D:4:      minmay_diamond_boxcup, regret_index_temple_of_mockery,
          kennysheep_little_box, temple_fountains, enter_ossuary_3, uniq_sigmund
D:5:      minmay_opposing_rooms, bloody_trog, grunt_ministairs_9,
          uniq_blork_the_orc, uniq_menkaure, uniq_pikel, uniq_eustachio,
          uniq_edmund
Temple:   kb_corrupted_temple
Ossuary:  ossuary_tomb_3

Skill      XL: |  1  2  3  4  5  6 |
---------------+-------------------+-----
Spellcasting   | 5 |  5.4
Invocations    | 1 2 |  2.4
Short Blades   | 1 2 |  2.2
Long Blades    | 1 2 |  2.2
Axes           | 1 2 |  2.2
Maces & Flails | 1 2 |  2.2
Polearms       | 1 2 |  2.2
Staves         | 1 2 |  2.2
Slings         | 1 2 |  2.2
Bows           | 1 2 |  2.2
Crossbows      | 1 2 |  2.2
Throwing       | 1 2 |  2.2
Armour         | 1 2 |  2.2
Stealth        | 1 2 |  2.2
Shields        | 1 2 |  2.2
Evocations     | 1 2 |  2.2
Conjurations   | 1 |  1.7
Hexes          | 1 |  1.7
Charms         | 1 |  1.7
Summonings     | 1 |  1.7
Necromancy     | 1 |  1.7
Translocations | 1 |  1.7
Fire Magic     | 1 |  1.7
Ice Magic      | 1 |  1.7
Air Magic      | 1 |  1.7
Earth Magic    | 1 |  1.7
Poison Magic   | 1 |  1.7
Fighting       | 3 |  3.4
Transmutations | 4 |  4.2
Dodging        | 5 |  5.1
Unarmed Combat | |  6.9

Action                   |  1- 3 |  4- 6 |  7- 9 || total
-------------------------+-------+-------+-------++-------
Melee: Unarmed           |    58 |    77 |       ||   135
       Bite              |     2 |       |       ||     2
       Headbutt          |     4 |       |       ||     4
       Punch             |     3 |       |       ||     3
       Kick              |     1 |       |       ||     1
 Fire: Hunting sling     |       |    56 |       ||    56
 Cast: Beastly Appendage |    11 |       |       ||    11
       Spider Form       |     4 |    13 |       ||    17
       Sticks to Snakes  |     2 |     2 |       ||     4
 Abil: End Transformatio |       |     4 |       ||     4
  Use: Scroll            |       |     7 |       ||     7
       Potion            |       |       |     1 ||     1
 Stab: Sleeping          |       |     1 |       ||     1
  Eat: Chunk             |       |     2 |       ||     2
Armor: Robe              |     5 |     1 |       ||     6
       Skin              |       |     1 |       ||     1
Dodge: Dodged            |    40 |    52 |       ||    92

Table legend:
 A = Spawn XP
 B = Non-spawn XP
 C = Spawn XP percentage of total XP
 D = Spawn monster count
 E = Non-spawn monster count
 F = Spawn count percentage of total count
 G = Total turns spent on level
                    A         B        C        D         E        F      G
               +---------+---------+-------+---------+---------+-------+---------
         Total |       0 |     641 |   0.0 |       0 |      61 |   0.0 |  1416
               +---------+---------+-------+---------+---------+-------+---------
           D:1 |       0 |      27 |   0.0 |       0 |      14 |   0.0 |   270
           D:2 |       0 |      55 |   0.0 |       0 |      15 |   0.0 |   316
           D:3 |       0 |      20 |   0.0 |       0 |       5 |   0.0 |    53
           D:4 |       0 |     387 |   0.0 |       0 |      11 |   0.0 |   420
       Ossuary |       0 |     152 |   0.0 |       0 |      16 |   0.0 |   263
               +---------+---------+-------+---------+---------+-------+---------

Table legend:
 A = Turns spent in this place as a percentage of turns spent in the entire game.
 B = Non-inter-level travel turns spent in this place as a percentage of non-inter-level travel turns spent in the entire game.
 C = Inter-level travel turns spent in this place as a percentage of turns spent in this place.
 D = Turns resting spent in this place as a percentage of non-inter-level travel turns spent in this place.
 E = Turns spent auto-exploring this place as a percentage of non-inter-level travel turns spent in this place.
 F = Non-inter-level travel turns spent in this place divided by the number of levels of this place that you've seen.
                   A       B       C       D       E      F
               +-------+-------+-------+-------+-------+----------------------
         Total | 100.0 | 100.0 |   1.3 |   0.0 |   0.0 | 199.7
       Dungeon |  75.4 |  76.4 |   0.0 |   0.0 |   0.0 | 213.6
        Temple |   6.0 |   4.8 |  21.2 |   0.0 |   0.0 |  67.0
       Ossuary |  18.6 |  18.8 |   0.0 |   0.0 |   0.0 | 263.0
               +-------+-------+-------+-------+-------+----------------------

Table legend:
 A = Kills in this place as a percentage of kills in entire the game.
 B = Kills by you in this place as a percentage of kills by you in the entire game.
 C = Kills by friends in this place as a percentage of kills by friends in the entire game.
 D = Other kills in this place as a percentage of other kills in the entire game.
 E = Experience gained in this place as a percentage of experience gained in the entire game.
 F = Experience gained in this place divided by the number of levels of this place that you have seen.
                   A       B       C       D       E      F
               +-------+-------+-------+-------+-------+----------------------
         Total | 100.0 | 100.0 |   N/A |   N/A | 100.0 |  91.6
       Dungeon |  73.8 |  73.8 |   N/A |   N/A |  76.3 |  97.8
       Ossuary |  26.2 |  26.2 |   N/A |   N/A |  23.7 | 152.0
               +-------+-------+-------+-------+-------+----------------------

Vault maps used:
D:1:      tarquinn_simple_flora_water_a
D:2:      amethyst_overflow_temple_binary, first_ration
D:4:      minmay_diamond_boxcup, regret_index_temple_of_mockery,
          kennysheep_little_box, temple_fountains, enter_ossuary_3, uniq_sigmund
D:5:      minmay_opposing_rooms, bloody_trog, grunt_ministairs_9,
          uniq_blork_the_orc, uniq_menkaure, uniq_pikel, uniq_eustachio,
          uniq_edmund
Temple:   kb_corrupted_temple
Ossuary:  ossuary_tomb_3
